General information
- name: BNet
- type: Ladder team game (AT/RT)
- host: Battle.net
- saver: Ice-
map: Friends
- players: 8
- length: 46:10
- speed: Fast
- version: 1.26 W3XP
- replay type: Public
» download(253 KB)
Players
team 1 (winner)

»
fnwhx (
red | 33 APM | 1534 actions | 46:09)
9 Death Knight
3 Death Coil
3 Unholy Aura
1 Animate Dead
2 Death Pact
» actions
| Assign group hotkey | 72 | |
| Build / train | 57 | |
| Enter build submenu | 17 | |
| Enter hero's abilities submenu | 9 | |
| Right click | 950 | |
| Select / deselect | 198 | |
| Select group hotkey | 174 | |
| Use ability | 57 | |
1534 total
» units
| Acolyte | 3 | |
| Ghoul | 5 | |
| Crypt Fiend | 10 | |
| Frost Wyrm | 18 | |
36 total
» upgrades
| Web | 1 | |
| Creature Carapace | 3 | |
| Creature Attack | 3 | |
| Freezing Breath | 1 | |
8 total
» buildings
| Altar of Darkness | 1 | |
| Crypt | 1 | |
| Ziggurat | 8 | |
| Graveyard | 1 | |
| Tomb of Relics | 1 | |
| Halls of the Dead | 1 | |
| Black Citadel | 1 | |
| Sacrificial Pit | 1 | |
| Boneyard | 3 | |
18 total
» build order
00:29 Altar of Darkness
00:33 Crypt
01:01 Ziggurat
01:15 Graveyard
01:30 Tomb of Relics
01:53 Ziggurat
03:20 Halls of the Dead
03:52 Ziggurat
05:50 Black Citadel
06:18 Sacrificial Pit
06:37 Ziggurat
07:26 Ziggurat
07:41 Ziggurat
08:23 Boneyard
08:30 Boneyard
08:39 Ziggurat
24:04 Ziggurat
39:23 Boneyard
» items
Dwight-Schrute (
pink | 28 APM | 1239 actions | 44:51)
10 Mountain King
3 Storm Bolt
3 Bash
1 Avatar
3 Thunder Clap
» actions
| Assign group hotkey | 11 | |
| Basic commands | 12 | |
| Build / train | 94 | |
| Enter build submenu | 27 | |
| Enter hero's abilities submenu | 10 | |
| Remove unit from queue | 1 | |
| Right click | 792 | |
| Select / deselect | 236 | |
| Select group hotkey | 6 | |
| Use ability | 50 | |
1239 total
» units
| Peasant | 9 | |
| Rifleman | 16 | |
| Sorceress | 3 | |
| Knight | 13 | |
| Siege Engine | 13 | |
54 total
» upgrades
| Gunpowder | 3 | |
| Armor | 3 | |
| Long Rifles | 1 | |
| Masonry | 1 | |
| Sorceress Training | 1 | |
| Animal War Training | 1 | |
| Swords | 3 | |
| Plating | 3 | |
| Lumber Harvesting | 1 | |
| Barrage | 1 | |
18 total
» buildings
| Farm | 13 | |
| Altar of Kings | 1 | |
| Blacksmith | 1 | |
| Barracks | 2 | |
| Arcane Vault | 1 | |
| Lumber Mill | 1 | |
| Scout Tower | 1 | |
| Arcane Tower | 1 | |
| Keep | 1 | |
| Castle | 1 | |
| Arcane Sanctum | 1 | |
| Workshop | 6 | |
30 total
» build order
00:05 Farm
00:08 Altar of Kings
00:27 Blacksmith
01:41 Barracks
01:51 Arcane Vault
01:56 Lumber Mill
02:07 Farm
02:16 Scout Tower
03:14 Farm
03:21 Farm
03:29 Arcane Tower
04:10 Keep
04:52 Farm
06:09 Farm
07:46 Farm
08:58 Castle
10:44 Farm
13:50 Arcane Sanctum
18:26 Barracks
21:24 Farm
24:43 Farm
25:58 Farm
30:02 Workshop
30:06 Workshop
30:13 Workshop
30:14 Workshop
30:23 Workshop
30:24 Workshop
33:46 Farm
34:25 Farm
» items
| Scroll of Regeneration | 5 | |
| Potion of Healing | 1 | |
| Scroll of Town Portal | 1 | |
7 total
Ice- (
green | 55 APM | 2554 actions | 46:10)
10 Blademaster
3 Wind Walk
3 Critical Strike
1 Bladestorm
3 Mirror Image
» actions
| Assign group hotkey | 132 | |
| Basic commands | 234 | |
| Build / train | 113 | |
| Enter build submenu | 35 | |
| Enter hero's abilities submenu | 10 | |
| Give item / drop item | 3 | |
| Remove unit from queue | 1 | |
| Right click | 1153 | |
| Select / deselect | 532 | |
| Select group hotkey | 197 | |
| Use ability | 144 | |
2554 total
» units
| Peon | 18 | |
| Grunt | 5 | |
| Goblin Shredder | 1 | |
| Goblin Zeppelin | 1 | |
| Wind Rider | 30 | |
| Troll Batrider | 2 | |
57 total
» upgrades
| Ranged Weapons | 3 | |
| Armor | 3 | |
| Reinforced Defenses | 1 | |
| Envenomed Spears | 1 | |
| Liquid Fire | 1 | |
| Ensnare | 1 | |
| Spiked Barricades | 2 | |
12 total
» buildings
| Altar of Storms | 1 | |
| Orc Burrow | 5 | |
| Barracks | 1 | |
| Voodoo Lounge | 2 | |
| War Mill | 4 | |
| Stronghold | 1 | |
| Beastiary | 5 | |
| Watch Tower | 26 | |
| Great Hall | 2 | |
| Fortress | 1 | |
48 total
» build order
00:58 Altar of Storms
01:02 Orc Burrow
01:28 Barracks
02:00 Orc Burrow
02:28 Voodoo Lounge
03:19 War Mill
03:40 Stronghold
04:45 Orc Burrow
06:14 Beastiary
06:17 Beastiary
06:21 War Mill
09:00 Orc Burrow
09:04 Orc Burrow
11:45 Watch Tower
11:47 Watch Tower
11:52 War Mill
12:49 Great Hall
15:33 Great Hall
15:45 Fortress
15:49 Watch Tower
15:49 Watch Tower
15:51 Watch Tower
15:51 Watch Tower
15:52 Watch Tower
15:53 Watch Tower
18:16 Beastiary
18:24 Beastiary
18:30 Beastiary
22:19 War Mill
24:20 Watch Tower
24:20 Watch Tower
24:21 Watch Tower
24:21 Watch Tower
24:22 Watch Tower
24:22 Watch Tower
24:23 Watch Tower
24:23 Watch Tower
24:25 Watch Tower
24:26 Watch Tower
24:27 Watch Tower
30:06 Voodoo Lounge
30:42 Watch Tower
30:42 Watch Tower
30:43 Watch Tower
30:48 Watch Tower
30:48 Watch Tower
30:49 Watch Tower
» items
| Healing Salve | 10 | |
| Lesser Clarity Potion | 7 | |
| Alleria's Flute of Accuracy | 1 | |
| Book of the Dead | 1 | |
| Orb of Lightning | 1 | |
| Tiny Great Hall | 2 | |
| Sobi Mask | 1 | |
| Scourge Bone Chimes | 1 | |
| Scroll of Town Portal | 2 | |
| Demonic Figurine | 1 | |
| Scroll of Healing | 2 | |
| Runed Bracers | 1 | |
30 total

»
travis (
purple | 23 APM | 1048 actions | 46:09)
4 Blademaster
2 Mirror Image
2 Wind Walk
6 Far Seer
3 Feral Spirit
2 Chain Lighting
1 Earth Quake
» actions
| Build / train | 96 | |
| Enter build submenu | 42 | |
| Enter hero's abilities submenu | 11 | |
| Remove unit from queue | 10 | |
| Right click | 359 | |
| Select / deselect | 454 | |
| Use ability | 76 | |
1048 total
» units
| Peon | 14 | |
| Wind Rider | 23 | |
| Shaman | 9 | |
| Troll Witch Doctor | 11 | |
| Goblin Sapper | 1 | |
| Goblin Zeppelin | 1 | |
59 total
» upgrades
| Shaman Training | 2 | |
| Witch Doctor Training | 2 | |
| Ranged Weapons | 3 | |
| Envenomed Spears | 1 | |
| Armor | 3 | |
| Spiked Barricades | 2 | |
13 total
» buildings
| Altar of Storms | 2 | |
| Orc Burrow | 12 | |
| War Mill | 2 | |
| Stronghold | 1 | |
| Watch Tower | 14 | |
| Fortress | 1 | |
| Spirit Lodge | 1 | |
| Beastiary | 2 | |
35 total
» build order
00:13 Altar of Storms
00:19 Orc Burrow
01:35 War Mill
02:01 Orc Burrow
02:06 Orc Burrow
02:35 Stronghold
03:05 Watch Tower
04:15 Watch Tower
05:02 Fortress
05:07 Spirit Lodge
05:21 Beastiary
07:12 Orc Burrow
07:14 Orc Burrow
08:27 Orc Burrow
13:52 Orc Burrow
13:54 Orc Burrow
16:50 Watch Tower
16:54 Watch Tower
18:09 Watch Tower
18:12 Watch Tower
18:25 Watch Tower
19:17 Watch Tower
20:21 Watch Tower
20:27 Watch Tower
24:25 War Mill
26:39 Beastiary
30:12 Watch Tower
30:18 Watch Tower
30:21 Watch Tower
30:24 Watch Tower
34:46 Altar of Storms
35:43 Orc Burrow
35:45 Orc Burrow
35:49 Orc Burrow
35:52 Orc Burrow
team 2 (loser)
Rampager (
yellow | 85 APM | 2823 actions | 33:03)
7 Priestess of the Moon
3 Searing Arrows
3 Trueshot Aura
1 Starfall
» actions
| Assign group hotkey | 71 | |
| Basic commands | 1 | |
| Build / train | 102 | |
| Enter build submenu | 14 | |
| Enter hero's abilities submenu | 7 | |
| Give item / drop item | 2 | |
| Right click | 1486 | |
| Select / deselect | 352 | |
| Select group hotkey | 726 | |
| Use ability | 62 | |
2823 total
» units
| Wisp | 15 | |
| Archer | 25 | |
| Forest Troll Shadow Priest | 1 | |
| Hippogryph | 29 | |
70 total
» upgrades
| Strength of the Moon | 3 | |
| Ultravision | 1 | |
| Moon Armor | 1 | |
| Strength of the Wild | 3 | |
| Reinforced Hides | 3 | |
| Improved Bows | 1 | |
| Hippogryph Taming | 1 | |
| Marksmanship | 1 | |
| Well Spring | 1 | |
15 total
» buildings
| Altar of Elders | 1 | |
| Moon Well | 6 | |
| Ancient of War | 1 | |
| Hunter's Hall | 1 | |
| Ancient Protector | 2 | |
| Tree of Ages | 1 | |
| Ancient of Wind | 1 | |
| Tree of Eternity | 1 | |
| Ancient of Wonders | 1 | |
15 total
» build order
00:19 Altar of Elders
00:23 Moon Well
00:36 Ancient of War
01:39 Hunter's Hall
01:59 Moon Well
02:49 Ancient Protector
03:07 Moon Well
05:07 Tree of Ages
05:19 Ancient Protector
05:24 Moon Well
06:32 Moon Well
08:09 Ancient of Wind
09:23 Tree of Eternity
13:02 Ancient of Wonders
13:20 Moon Well
» items
| Book of the Dead | 2 | |
| Healing Wards | 1 | |
| Scroll of Town Portal | 1 | |
| Anti-magic Potion | 1 | |
| Potion of Healing | 2 | |
7 total

»
WifeBeater22 (
teal | 28 APM | 934 actions | 33:28)
6 Blademaster
1 Mirror Image
1 Wind Walk
3 Critical Strike
1 Bladestorm
4 Shadow Hunter
2 Healing Wave
2 Serpent Ward
» actions
| Assign group hotkey | 68 | |
| Build / train | 75 | |
| Enter build submenu | 22 | |
| Enter hero's abilities submenu | 10 | |
| Remove unit from queue | 2 | |
| Right click | 310 | |
| Select / deselect | 239 | |
| Select group hotkey | 154 | |
| Use ability | 54 | |
934 total
» units
| Peon | 7 | |
| Grunt | 8 | |
| Troll Headhunter/Berserker | 9 | |
| Raider | 6 | |
| Troll Witch Doctor | 5 | |
| Shaman | 4 | |
| Tauren | 6 | |
45 total
» upgrades
| Armor | 3 | |
| Spiked Barricades | 1 | |
| Melee Weapons | 1 | |
| Berserker Strength | 1 | |
| Ranged Weapons | 1 | |
| Witch Doctor Training | 2 | |
| Ensnare | 1 | |
| Shaman Training | 2 | |
| Berserker Upgrade | 1 | |
| Pulverize | 1 | |
14 total
» buildings
| Barracks | 1 | |
| Orc Burrow | 11 | |
| Altar of Storms | 2 | |
| War Mill | 1 | |
| Stronghold | 1 | |
| Voodoo Lounge | 1 | |
| Spirit Lodge | 1 | |
| Beastiary | 1 | |
| Watch Tower | 2 | |
| Fortress | 1 | |
| Tauren Totem | 1 | |
23 total
» build order
00:17 Barracks
00:26 Orc Burrow
00:39 Altar of Storms
00:45 Altar of Storms
01:44 Orc Burrow
02:38 War Mill
03:23 Orc Burrow
03:28 Orc Burrow
04:31 Stronghold
06:08 Voodoo Lounge
07:17 Spirit Lodge
07:25 Beastiary
08:01 Orc Burrow
08:06 Orc Burrow
08:41 Watch Tower
08:44 Watch Tower
10:59 Fortress
12:08 Orc Burrow
14:46 Tauren Totem
18:41 Orc Burrow
18:47 Orc Burrow
20:29 Orc Burrow
27:03 Orc Burrow
garrus-owns- (
orange | 73 APM | 3388 actions | 46:09)
9 Archmage
3 Summon Water Elemental
3 Brilliance Aura
1 Mass Teleport
2 Blizzard
1 Paladin
1 Resurrection
» actions
| Assign group hotkey | 38 | |
| Basic commands | 6 | |
| Build / train | 120 | |
| Enter build submenu | 24 | |
| Enter hero's abilities submenu | 10 | |
| Right click | 1537 | |
| Select / deselect | 303 | |
| Select group hotkey | 1180 | |
| Use ability | 170 | |
3388 total
» units
| Peasant | 13 | |
| Footman | 6 | |
| Goblin Shredder | 6 | |
| Gryphon Rider | 12 | |
| Goblin Zeppelin | 1 | |
| Siege Engine | 8 | |
46 total
» upgrades
| Masonry | 3 | |
| Swords | 3 | |
| Storm Hammers | 1 | |
| Animal War Training | 1 | |
| Armor | 3 | |
| Gunpowder | 3 | |
| Cloud | 1 | |
| Barrage | 1 | |
| Flying Machine Bombs | 1 | |
| Flak Cannons | 1 | |
| Plating | 3 | |
| Flare | 1 | |
| Fragmentation Shards | 1 | |
| Magic Sentry | 1 | |
| Priest Training | 1 | |
| Sorceress Training | 1 | |
26 total
» buildings
| Altar of Kings | 1 | |
| Barracks | 1 | |
| Farm | 12 | |
| Scout Tower | 21 | |
| Arcane Vault | 1 | |
| Arcane Tower | 1 | |
| Keep | 3 | |
| Lumber Mill | 2 | |
| Blacksmith | 1 | |
| Castle | 1 | |
| Gryphon Aviary | 3 | |
| Guard Tower | 14 | |
| Town Hall | 2 | |
| Workshop | 3 | |
| Arcane Sanctum | 1 | |
67 total
» build order
00:09 Altar of Kings
00:22 Barracks
00:36 Farm
00:52 Farm
01:35 Farm
01:39 Scout Tower
02:05 Arcane Vault
02:14 Arcane Tower
03:21 Keep
03:22 Keep
03:39 Lumber Mill
04:00 Blacksmith
04:55 Farm
05:09 Farm
05:35 Lumber Mill
06:15 Castle
06:25 Gryphon Aviary
06:40 Farm
07:01 Gryphon Aviary
07:07 Gryphon Aviary
07:31 Guard Tower
10:30 Town Hall
12:08 Town Hall
12:34 Scout Tower
12:35 Scout Tower
12:35 Scout Tower
12:35 Scout Tower
12:36 Scout Tower
12:37 Scout Tower
13:19 Guard Tower
13:19 Guard Tower
13:19 Guard Tower
13:30 Guard Tower
13:39 Guard Tower
13:43 Farm
13:44 Farm
13:45 Farm
13:45 Farm
13:46 Farm
13:46 Farm
14:17 Guard Tower
14:45 Scout Tower
14:45 Scout Tower
14:46 Scout Tower
14:46 Scout Tower
14:47 Scout Tower
14:48 Scout Tower
14:48 Scout Tower
16:18 Guard Tower
16:40 Scout Tower
16:41 Scout Tower
16:43 Scout Tower
16:43 Scout Tower
16:44 Scout Tower
16:44 Scout Tower
17:13 Workshop
17:14 Workshop
17:15 Workshop
17:17 Guard Tower
17:57 Guard Tower
18:11 Guard Tower
24:58 Arcane Sanctum
41:46 Keep
» items
| Ivory Tower | 7 | |
| Healing Salve | 1 | |
| Potion of Healing | 3 | |
| Scroll of Town Portal | 2 | |
| Staff of Sanctuary | 1 | |
| Orb of Fire | 1 | |
| Scroll of Regeneration | 2 | |
17 total
nxy030569 (
blue | 24 APM | 795 actions | 33:23)
5 Paladin
1 Holy Light
3 Divine Shield
1 Devotion Aura
1 Archmage
1 Summon Water Elemental
» actions
| Assign group hotkey | 4 | |
| Basic commands | 2 | |
| Build / train | 86 | |
| Enter build submenu | 32 | |
| Enter hero's abilities submenu | 6 | |
| Right click | 310 | |
| Select / deselect | 255 | |
| Select group hotkey | 30 | |
| Use ability | 70 | |
795 total
» units
| Peasant | 10 | |
| Footman | 4 | |
| Rifleman | 6 | |
| Gryphon Rider | 20 | |
| Priest | 2 | |
| Mortar Team | 1 | |
| Siege Engine | 6 | |
| Knight | 3 | |
52 total
» upgrades
| Swords | 1 | |
| Plating | 1 | |
| Armor | 3 | |
| Masonry | 2 | |
| Priest Training | 2 | |
| Storm Hammers | 1 | |
| Fragmentation Shards | 1 | |
| Flare | 1 | |
| Barrage | 1 | |
| Animal War Training | 1 | |
14 total
» buildings
| Altar of Kings | 1 | |
| Farm | 12 | |
| Barracks | 1 | |
| Scout Tower | 9 | |
| Arcane Tower | 2 | |
| Blacksmith | 1 | |
| Arcane Vault | 1 | |
| Keep | 1 | |
| Lumber Mill | 1 | |
| Guard Tower | 7 | |
| Gryphon Aviary | 2 | |
| Workshop | 1 | |
| Castle | 1 | |
| Arcane Sanctum | 1 | |
41 total
» build order
00:27 Altar of Kings
00:42 Farm
01:00 Barracks
01:11 Farm
01:44 Scout Tower
01:58 Farm
02:26 Arcane Tower
02:40 Farm
03:01 Farm
03:25 Blacksmith
03:35 Arcane Vault
05:17 Keep
05:25 Farm
06:03 Scout Tower
06:14 Lumber Mill
06:34 Scout Tower
07:05 Guard Tower
07:13 Scout Tower
07:15 Scout Tower
08:11 Guard Tower
08:13 Guard Tower
08:17 Guard Tower
08:35 Gryphon Aviary
08:45 Workshop
08:51 Farm
09:31 Scout Tower
09:39 Farm
09:51 Castle
10:03 Guard Tower
10:08 Scout Tower
10:39 Arcane Tower
11:21 Scout Tower
11:22 Scout Tower
11:45 Arcane Sanctum
12:09 Guard Tower
12:26 Guard Tower
13:04 Farm
13:50 Gryphon Aviary
13:54 Farm
18:29 Farm
19:15 Farm
» items
Chat log
(00:34 / Allies) travis: red you out
(00:37 / Allies) Ice-: sorry kids
(01:22 / Allies) Ice-: keep me safe son
(02:14 / Allies) Ice-: gold plz
(03:44 / All) Rampager: blu?
(04:19 / Allies) Ice-: Purple don't follow me when I creep
(04:59 / Allies) travis: red help me please
(05:31 / Allies) travis: healer
(06:08 / All) Ice-: just got brought out because me2 installing
(06:14 / Allies) travis: red
(10:08 / All) Rampager: b
(12:28 / Allies) Dwight-Schrute: hit?
(13:09 / Allies) Dwight-Schrute: lets hit
(13:15 / Allies) travis: wait i got to heal
(14:00 / Allies) Dwight-Schrute: ready?
(14:07 / Allies) travis: yea
(14:20 / Allies) travis: hit heros
(16:15 / Allies) Dwight-Schrute: ty green
(16:54 / Allies) fnwhx: get bats
(16:55 / Allies) Dwight-Schrute: dont
(16:57 / Allies) fnwhx: bk
(17:43 / Allies) travis: welose
(17:49 / Allies) Dwight-Schrute: yea
(17:55 / Allies) Ice-: Don't worry
(18:01 / Allies) Ice-: ORange says he is gonna kill his team
(18:43 / Allies) travis: meet
(18:51 / Allies) travis: then hit
(19:20 / Allies) fnwhx: hit oj
(19:23 / Allies) Ice-: I'm hitting bottom
(19:32 / Allies) Ice-: OJ said he is going to kill his team because they took his items
(21:40 / All) Ice-: lag ping kill!!!1
(22:17 / Allies) Dwight-Schrute: hit
(23:14 / Allies) travis: i need wood
(26:13 / Allies) fnwhx: go
(32:30 / Allies) Dwight-Schrute: massintanks
(32:34 / Allies) travis: need gold please
(33:48 / Allies) Ice-: You're dead nigger
(33:57 / All) Ice-: Nigger purple earthquaked me
(34:03 / All) garrus-owns-: i saw lawl
(34:04 / Allies) travis: im sorry had a retard moment
(34:20 / All) Ice-: NAh,. you just thought you were being cute
(34:30 / Allies) travis: no relly
(35:55 / Allies) Ice-: Guys purple is dead
(35:58 / Allies) Ice-: He earthquaked me
(36:41 / Allies) Ice-: you stole my tome earlier
(38:32 / Allies) travis: i still get the win and i fucked up
(38:59 / Allies) travis: wtf are you doing over there
(39:43 / Allies) travis: if i had a peon i had quake
(39:46 / All) garrus-owns-: leave fags
(40:49 / Allies) Dwight-Schrute: whydo u have to be so gay green
(40:59 / All) Ice-: I WAS BORN THIS WAY
(41:15 / Allies) travis: there you green itch
(41:46 / All) Ice-: So many tanks, and yet so few
(42:16 / All) garrus-owns-: can u niggas leave
(42:23 / All) Dwight-Schrute: nope
(42:45 / All) garrus-owns-: i raped u guys 1v4
(42:47 / All) Dwight-Schrute: illjust inishmy show while u kill everything
(42:50 / All) garrus-owns-: gonna show this replay to my friends
(43:18 / All) Dwight-Schrute: ur two butt buddies u mean
(43:26 / All) garrus-owns-: harr matey
(43:29 / All) garrus-owns-: harr
(43:44 / All) Dwight-Schrute: highschoolmust have been rough for u
(44:05 / All) garrus-owns-: junior college too, hs kids i knew picked one me too
(44:08 / All) travis: wow green you do suck
(44:19 / All) Ice-: Why is that
(44:21 / All) Ice-: Tome thief?
(44:56 / All) garrus-owns-: one down
(45:07 / All) garrus-owns-: his show must hav eended
(45:11 / All) Ice-: lozl
(45:33 / All) Ice-: 25k
(45:38 / All) Ice-: 5k wood
(45:39 / All) garrus-owns-: 12k
(45:44 / All) garrus-owns-: 18k wood
(46:05 / All) travis: you were a noob anyway